 Dungeon Crawl Stone Soup version 0.29.0-4-gdea44cf6ec (webtiles) character file.

Game seed: 16459100729072029701

1801 qw the Grappler (level 8, 0/78 HPs)
             Began as a Troll Cinder Acolyte on Aug 30, 2022.
             Was an Elder of Ignis.
             Shot with a sling bullet by Joseph (1 damage)
             ... on level 8 of the Dungeon.
             The game lasted 00:03:16 (5954 turns).

qw the Grappler (Troll Cinder Acolyte)              Turns: 5954, Time: 00:03:17

Health: 0/78       AC: 11    Str: 29    XL:     8   Next: 83%
Magic:  8/8        EV:  9    Int:  9    God:    Ignis [****..]
Gold:   908        SH:  0    Dex:  8    Spells: 9/9 levels left

rFire   + . .      SeeInvis .     - Unarmed
rCold   . . .      Faith    .   (no shield)
rNeg    . . .      Spirit   .   a - +0 robe
rPois   .          Reflect  .   (helmet restricted)
rElec   .          Harm     .   (no cloak)
rCorr   .          Rampage  .   (gloves unavailable)
Will    .....                   (boots unavailable)
Stlth   +.........              (no amulet)
HPRegen 1.03/turn               g - +6 ring of dexterity
MPRegen 0.11/turn               j - +4 ring of slaying {mikee}

@: lethally poisoned (0 -> -1), spiked, fiery-armoured
A: large, unfitting armour, claws 3, regeneration 1, shaggy fur 1, tough skin 1,
clumsy 1, strong 1, subdued magic 1, noise suppression
a: Renounce Religion, Fiery Armour, Foxfire Swarm, Rising Flame


You were on level 8 of the Dungeon.
You worshipped Ignis.
Ignis was greatly pleased with you.
You visited 1 branch of the dungeon, and saw 8 of its levels.

You collected 1055 gold pieces.
You spent 147 gold pieces at shops.


Innate Abilities, Weirdness & Mutations

You are too large for most types of armour.
You have claws for hands.
Your natural rate of healing is unusually fast.
You are covered in fur. (AC +1)
You have tough skin. (AC +1)
You are clumsy. (Dex -2)
Your muscles are strong. (Str +4, Int/Dex -1)
Your spells are a little easier to cast, but a little less powerful.
You passively dampen the noise of your surroundings.


   Skills:
 - Level 4.0 Fighting
 - Level 1.2 Dodging
 + Level 11.0 Unarmed Combat
 - Level 1.0 Spellcasting
 - Level 2.1 Fire Magic


You had 9 spell levels left.
You didn't know any spells.
Your spell library contained the following spells:

 Spells                   Type           Power      Damage    Failure   Level
 Scorch                   Fire           6%         2d5       19%         2

Inventory:

Armour
 a - a +0 robe (worn)
Jewellery
 g - a +6 ring of dexterity (left claw)
 j - a +4 ring of slaying (right claw) {mikee}
Scrolls
 b - 2 scrolls of enchant armour
 d - 3 scrolls of teleportation
 l - a scroll of identify
Potions
 c - 2 potions of mutation
 e - a potion of might
 i - 2 potions of haste

Dungeon Overview and Level Annotations

Branches:
Dungeon (8/15)             Temple (0/1) D:4
   Lair: D:8-11

Altars:
Cheibriados
Dithmenos
Elyvilon
Fedhas
Gozag
Nemelex Xobeh
Vehumet
Yredelemnul
Zin
The Shining One

Shops:
D:4 *

Annotations:
D:8 Erica, Joseph, Pikel, Prince Ribbit


Message History

You feel strangely unstable.
You feel very sick. The lemure hits you but does no damage.
The lemure is burned by your cloak of flames.
The lemure is severely wounded.
5949 ||| DRINKING potion of heal wounds.
You feel much better.
You feel very sick. The lemure hits you.
The lemure is burned by your cloak of flames.
The lemure is almost dead.
You scratch the lemure.
You kill the lemure!
That felt strangely unrewarding.
You feel sick.
5951 ||| FLEEEEING.
Your surroundings suddenly seem different.
Joseph and a manticore come into view.
Found a stone staircase leading up.
You feel sick.
Joseph shouts!
Joseph unwields a +3 quarterstaff.
Joseph wields a +6 sling of freezing.
It is covered in frost.
Joseph shoots a sling bullet.
The sling bullet hits you. The sling bullet freezes you.
Enter note:
Enter note:
5952 ||| FLEEEEING.
You feel sick.
5953 ||| FLEEEEING.
Prince Ribbit comes into view.
You feel sick.
Prince Ribbit gives a loud, deep croak!
There is a stone staircase leading up here.
5954 ||| STAIRDANCE You feel sick.
The manticore flicks its tail.
The volley of spikes hits you!!
The barbed spikes become lodged in your body.
Joseph shoots a sling bullet.
The sling bullet hits you. The sling bullet freezes you.
You die...

## #### #...##...#
####..........##
.........@.....######.#
......................#
...........H....@..####
................##......
.....[..##......# .....
......# ##..#..# ....
....... #.....# ...
.....#. #....F.# ..
....... .......# #
......# ...... ......#


You could see Joseph, a manticore and Prince Ribbit.

Vanquished Creatures
  An ogre (D:5)
  2 ice beasts (D:7)
  A phantom (D:6)
  Blork the orc (D:5)
  2 kobold brigands
  A lemure (D:8)
  A necrophage (D:5)
  A bullfrog (D:6)
  A gnoll sergeant (D:5)
  A scorpion (D:5)
  5 wights (D:7)
  A howler monkey (D:4)
  A lava snake (D:7)
  4 hounds
  2 gnoll boudas
  2 orc priests
  Terence (D:2)
  4 iguanas
  15 gnolls
  6 adders
  A white imp (D:6)
  6 dart slugs
  14 orcs
  4 bats
  2 endoplasms
  3 giant cockroaches
  7 goblins
  7 hobgoblins
  4 jackals (D:2)
  2 quokkas
  7 ball pythons
  A frilled lizard (D:3)
  17 kobolds
  9 rats
137 creatures vanquished.

Vanquished Creatures (others)
  3 plants (D:4)
3 creatures vanquished.

Grand Total: 140 creatures vanquished

Notes
Turn   | Place    | Note
-------+----------+-------------------------------------------
     0 | D:1      | qw the Troll Cinder Acolyte began the quest for the Orb.
     0 | D:1      | Reached XP level 1. HP: 22/22 MP: 1/1
     0 | D:1      | 0 ||| qw: Version: 0.1-a-95-gae9e614
     0 | D:1      | 0 ||| qw: Game counter: 4445
     0 | D:1      | 0 ||| qw: Always use a shield: true
     0 | D:1      | 0 ||| qw: God list: Okawaru
     0 | D:1      | 0 ||| qw: Allow faded altars: false
     0 | D:1      | 0 ||| qw: Do Orc after D:15 true
     0 | D:1      | 0 ||| qw: Do second Lair branch before Depths: true
     0 | D:1      | 0 ||| qw: Lair rune preference: random
     0 | D:1      | 0 ||| qw: Plans: Normal
     0 | D:1      | 0 ||| PLANNING D:1-11
   192 | D:1      | 192 ||| Stepping ~*~*~tactically~*~*~ (stealth).
   193 | D:1      | 193 ||| Stepping ~*~*~tactically~*~*~ (stealth).
   205 | D:1      | Reached XP level 2. HP: 29/29 MP: 2/2
   258 | D:1      | 258 ||| Stepping ~*~*~tactically~*~*~ (stealth).
   264 | D:1      | 264 ||| Stepping ~*~*~tactically~*~*~ (stealth).
   295 | D:1      | Found a faded altar of an unknown god.
   394 | D:1      | 394 ||| Stepping ~*~*~tactically~*~*~ (hiding).
   586 | D:1      | 586 ||| READING scroll labelled WAWKEN XOCIFF.
   587 | D:1      | 587 ||| READING scroll labelled OVOCIT UCI.
   591 | D:1      | 591 ||| DRINKING 2 amethyst potions.
   591 | D:1      | Gained mutation: You passively dampen the noise of your
                  | surroundings. [potion of mutation]
   591 | D:1      | Gained mutation: You have hidden genetic defects. [potion
                  | of mutation]
   591 | D:1      | Gained mutation: Your muscles are strong. (Str +4, Int/Dex
                  | -1) [potion of mutation]
   606 | D:2      | 606 ||| STAIRDANCE
   613 | D:1      | Reached skill level 4 in Unarmed Combat
   674 | D:2      | Reached XP level 3. HP: 33/36 MP: 3/3
   684 | D:2      | 684 ||| Stepping ~*~*~tactically~*~*~ (stealth).
   687 | D:2      | Gained mutation: You are clumsy. (Dex -2) [hidden defects]
   689 | D:2      | 689 ||| Stepping ~*~*~tactically~*~*~ (stealth).
   737 | D:2      | 737 ||| Stepping ~*~*~tactically~*~*~ (outnumbered).
   817 | D:2      | Gained mutation: Your spells are a little easier to cast,
                  | but a little less powerful. [hidden defects]
   817 | D:2      | Lost mutation: You have hidden genetic defects. [hidden
                  | defects expressed]
   864 | D:2      | 864 ||| Stepping ~*~*~tactically~*~*~ (hiding).
   865 | D:2      | 865 ||| Stepping ~*~*~tactically~*~*~ (hiding).
   996 | D:2      | 996 ||| Stepping ~*~*~tactically~*~*~ (hiding).
  1066 | D:2      | Noticed Terence
  1074 | D:2      | HP: 5/36 [something (7)]
  1076 | D:2      | Killed Terence
  1077 | D:2      | Reached skill level 5 in Unarmed Combat
  1077 | D:2      | Reached XP level 4. HP: 9/44 MP: 4/4
  1541 | D:2      | 1541 ||| READING scroll labelled QUXIZUXZUEG.
  1542 | D:2      | 1542 ||| READING scroll labelled FITZUYS YFIUL.
  1543 | D:2      | 1543 ||| READING scroll labelled KEIBAMAVAE.
  1544 | D:2      | 1544 ||| DRINKING 3 gluggy blue potions.
  1544 | D:2      | Lost dexterity.
  1546 | D:2      | 1546 ||| DROPPING 2 potions of degeneration.
  1547 | D:2      | 1547 ||| Stepping randomly (stuck).
  1548 | D:2      | 1548 ||| Stepping ~*~*~tactically~*~*~ (cloud).
  1636 | D:3      | Found a glowing golden altar of the Shining One.
  1877 | D:3      | Found a radiant altar of Vehumet.
  2153 | D:3      | Found a white marble altar of Elyvilon.
  2179 | D:3      | 2179 ||| Stepping ~*~*~tactically~*~*~ (stealth).
  2194 | D:3      | 2194 ||| INVOKING Fiery Armour.
  2195 | D:3      | 2195 ||| Stepping ~*~*~tactically~*~*~ (outnumbered).
  2195 | D:3      | HP: 10/44 [orc/+0 hand axe (5)]
  2197 | D:3      | 2197 ||| READING 2 scrolls of teleportation.
  2375 | D:3      | 2375 ||| Stepping ~*~*~tactically~*~*~ (stealth).
  2378 | D:3      | 2378 ||| Stepping ~*~*~tactically~*~*~ (hiding).
  2379 | D:3      | 2379 ||| Stepping ~*~*~tactically~*~*~ (hiding).
  2386 | D:3      | 2386 ||| INVOKING Fiery Armour.
  2574 | D:3      | 2574 ||| READING scroll labelled PIBO NETUMEMOG.
  2575 | D:3      | 2575 ||| READING scroll labelled YTOAHYN APRINN.
  2575 | D:3      | Identified a scroll of acquirement
  2575 | D:3      | 2575 ||| ACQUIRING 776 gold pieces
  2575 | D:3      | Acquired 776 gold pieces
  2577 | D:3      | 2577 ||| DRINKING 2 murky inky potions.
  2650 | D:4      | Reached XP level 5. HP: 28/50 MP: 5/5
  2651 | D:4      | 2651 ||| FLEEEEING.
  2652 | D:4      | 2652 ||| FLEEEEING.
  2653 | D:4      | 2653 ||| FLEEEEING.
  2654 | D:4      | 2654 ||| FLEEEEING.
  2655 | D:4      | 2655 ||| FLEEEEING.
  2657 | D:4      | 2657 ||| FLEEEEING.
  2658 | D:4      | 2658 ||| FLEEEEING.
  2659 | D:4      | 2659 ||| FLEEEEING.
  2668 | D:4      | 2668 ||| STAIRDANCE
  2772 | D:4      | 2772 ||| Stepping ~*~*~tactically~*~*~ (stealth).
  2780 | D:4      | 2780 ||| Stepping ~*~*~tactically~*~*~ (hiding).
  2782 | D:4      | 2782 ||| INVOKING Fiery Armour.
  2785 | D:4      | 2785 ||| FLEEEEING.
  2786 | D:4      | 2786 ||| FLEEEEING.
  2790 | D:4      | Reached skill level 6 in Unarmed Combat
  2802 | D:4      | 2802 ||| Stepping ~*~*~tactically~*~*~ (hiding).
  2807 | D:4      | 2807 ||| Stepping ~*~*~tactically~*~*~ (stealth).
  2818 | D:4      | 2818 ||| Stepping ~*~*~tactically~*~*~ (stealth).
  2822 | D:4      | 2822 ||| Stepping ~*~*~tactically~*~*~ (stealth).
  2838 | D:4      | Found a staircase to the Ecumenical Temple.
  3064 | D:4      | Found Seemirph's Assorted Antiques.
  3139 | D:4      | Reached XP level 6. HP: 55/59 MP: 6/6
  3232 | D:4      | Found a snail-covered altar of Cheibriados.
  3258 | D:4      | Found an opulent altar of Gozag.
  3260 | D:4      | Found a blossoming altar of Fedhas.
  3419 | D:4      | 3419 ||| BUYING iron ring (125 gold).
  3419 | D:4      | Bought an iron ring for 125 gold pieces
  3419 | D:4      | 3419 ||| BUYING metallic ruby potion (22 gold).
  3419 | D:4      | Bought a metallic ruby potion for 22 gold pieces
  3419 | D:4      | 3419 ||| UPGRADING to +6 ring of dexterity.
  3420 | D:4      | 3420 ||| UPGRADING to +4 ring of slaying {mikee}.
  3421 | D:4      | 3421 ||| DRINKING 2 metallic ruby potions.
  3461 | D:4      | 3461 ||| DRINKING 2 fuming yellow potions.
  3462 | D:4      | 3462 ||| DROPPING potion of lignification.
  3463 | D:4      | 3463 ||| DROPPING potion of magic.
  3585 | D:4      | 3585 ||| READING 3 scrolls of teleportation.
  3586 | D:4      | 3586 ||| STAIRDANCE
  3609 | D:5      | Entered Level 5 of the Dungeon
  3610 | D:5      | 3610 ||| STAIRDANCE
  3617 | D:5      | 3617 ||| STAIRDANCE
  3619 | D:4      | 3619 ||| Stepping ~*~*~tactically~*~*~ (outnumbered).
  3620 | D:4      | 3620 ||| Stepping ~*~*~tactically~*~*~ (outnumbered).
  3622 | D:4      | Reached skill level 1 in Dodging
  3645 | D:5      | 3645 ||| STAIRDANCE
  3647 | D:4      | 3647 ||| Stepping ~*~*~tactically~*~*~ (outnumbered).
  3648 | D:4      | 3648 ||| Stepping ~*~*~tactically~*~*~ (outnumbered).
  3649 | D:4      | 3649 ||| Stepping ~*~*~tactically~*~*~ (outnumbered).
  3650 | D:4      | 3650 ||| Stepping ~*~*~tactically~*~*~ (outnumbered).
  3651 | D:4      | 3651 ||| Stepping ~*~*~tactically~*~*~ (outnumbered).
  3654 | D:4      | Reached skill level 7 in Unarmed Combat
  3657 | D:4      | 3657 ||| INVOKING Fiery Armour.
  3987 | D:5      | Noticed Blork the orc
  3988 | D:5      | 3988 ||| Stepping ~*~*~tactically~*~*~ (hiding).
  3995 | D:5      | Killed Blork the orc
  4112 | D:5      | Reached XP level 7. HP: 62/66 MP: 7/7
  4124 | D:5      | Reached skill level 8 in Unarmed Combat
  4168 | D:5      | Found a glowing silver altar of Zin.
  4190 | D:5      | Found a basalt altar of Yredelemnul.
  4316 | D:5      | Reached skill level 3 in Fighting
  4453 | D:5      | 4453 ||| READING scroll labelled NIARCHO BIYRI.
  4492 | D:4      | 4492 ||| READING 2 scrolls of teleportation.
  4878 | D:6      | Found a shadowy altar of Dithmenos.
  5071 | D:6      | 5071 ||| Stepping ~*~*~tactically~*~*~ (stealth).
  5072 | D:6      | 5072 ||| Stepping ~*~*~tactically~*~*~ (hiding).
  5078 | D:6      | 5078 ||| STAIRDANCE
  5084 | D:5      | Reached skill level 9 in Unarmed Combat
  5101 | D:5      | 5101 ||| READING scroll labelled RUXKYO WOLE.
  5102 | D:5      | 5102 ||| DRINKING 2 bubbling yellow potions.
  5103 | D:5      | 5103 ||| DRINKING 2 fuming clear potions.
  5104 | D:5      | 5104 ||| DROPPING potion of attraction.
  5107 | D:6      | 5107 ||| STAIRDANCE
  5110 | D:5      | Reached XP level 8. HP: 61/75 MP: 8/8
  5173 | D:7      | 5173 ||| Stepping ~*~*~tactically~*~*~ (outnumbered).
  5174 | D:7      | 5174 ||| Stepping ~*~*~tactically~*~*~ (outnumbered).
  5175 | D:7      | 5175 ||| Stepping ~*~*~tactically~*~*~ (outnumbered).
  5176 | D:7      | 5176 ||| Stepping ~*~*~tactically~*~*~ (outnumbered).
  5212 | D:7      | 5212 ||| Stepping ~*~*~tactically~*~*~ (hiding).
  5214 | D:7      | 5214 ||| Stepping ~*~*~tactically~*~*~ (hiding).
  5215 | D:7      | 5215 ||| Stepping ~*~*~tactically~*~*~ (hiding).
  5225 | D:7      | 5225 ||| FLEEEEING.
  5226 | D:7      | 5226 ||| Stepping ~*~*~tactically~*~*~ (stealth).
  5259 | D:7      | 5259 ||| Stepping ~*~*~tactically~*~*~ (outnumbered).
  5260 | D:7      | 5260 ||| Stepping ~*~*~tactically~*~*~ (outnumbered).
  5262 | D:7      | 5262 ||| Stepping ~*~*~tactically~*~*~ (outnumbered).
  5266 | D:7      | 5266 ||| FLEEEEING.
  5267 | D:7      | 5267 ||| STAIRDANCE
  5273 | D:6      | Reached skill level 10 in Unarmed Combat
  5383 | D:7      | 5383 ||| Stepping ~*~*~tactically~*~*~ (stealth).
  5385 | D:7      | 5385 ||| Stepping ~*~*~tactically~*~*~ (stealth).
  5447 | D:7      | 5447 ||| Stepping ~*~*~tactically~*~*~ (outnumbered).
  5448 | D:7      | 5448 ||| Stepping ~*~*~tactically~*~*~ (outnumbered).
  5449 | D:7      | 5449 ||| Stepping ~*~*~tactically~*~*~ (outnumbered).
  5450 | D:7      | 5450 ||| Stepping ~*~*~tactically~*~*~ (outnumbered).
  5451 | D:7      | 5451 ||| Stepping ~*~*~tactically~*~*~ (outnumbered).
  5452 | D:7      | 5452 ||| Stepping ~*~*~tactically~*~*~ (outnumbered).
  5453 | D:7      | 5453 ||| Stepping ~*~*~tactically~*~*~ (outnumbered).
  5495 | D:7      | 5495 ||| Stepping ~*~*~tactically~*~*~ (stealth).
  5499 | D:7      | 5499 ||| Stepping ~*~*~tactically~*~*~ (outnumbered).
  5500 | D:7      | 5500 ||| Stepping ~*~*~tactically~*~*~ (outnumbered).
  5501 | D:7      | 5501 ||| Stepping ~*~*~tactically~*~*~ (outnumbered).
  5585 | D:7      | Found a sparkling altar of Nemelex Xobeh.
  5742 | D:7      | 5742 ||| FLEEEEING.
  5743 | D:7      | 5743 ||| FLEEEEING.
  5760 | D:7      | Reached skill level 11 in Unarmed Combat
  5894 | D:7      | 5894 ||| READING 2 scrolls of identify.
  5894 | D:7      | 5894 ||| IDENTIFYING inky potion
  5930 | D:8      | Noticed Erica
  5931 | D:8      | 5931 ||| INVOKING Fiery Armour.
  5938 | D:8      | Noticed Pikel
  5943 | D:8      | 5943 ||| Stepping ~*~*~tactically~*~*~ (outnumbered).
  5944 | D:8      | 5944 ||| Stepping ~*~*~tactically~*~*~ (outnumbered).
  5945 | D:8      | 5945 ||| Stepping ~*~*~tactically~*~*~ (outnumbered).
  5947 | D:8      | HP: 18/78 [poisoned by Erica (bolt of poison)]
  5948 | D:8      | 5948 ||| READING 4 scrolls of teleportation.
  5949 | D:8      | 5949 ||| DRINKING potion of heal wounds.
  5951 | D:8      | 5951 ||| FLEEEEING.
  5951 | D:8      | Noticed Joseph
  5951 | D:8      | Noticed a manticore
  5952 | D:8      | 5952 ||| FLEEEEING.
  5953 | D:8      | 5953 ||| FLEEEEING.
  5953 | D:8      | Noticed Prince Ribbit
  5954 | D:8      | 5954 ||| STAIRDANCE
  5954 | D:8      | HP: 7/78 [manticore/volley of spikes (20)]
  5954 | D:8      | HP: 1/78 [Joseph/sling bullet (6)]
  5954 | D:8      | Shot with a sling bullet by Joseph

Levels and vault maps discovered:
D:1:      tarquinn_simple_flora_water_b, layout_basic,
          hellmonk_ecumenical_altar_run_dry
D:2:      layout_loops_ring, roderic_serpentine_path, st_stairs_5, uniq_terence
D:3:      layout_basic, elyvilon_altar_1, mainiacjoe_overflow_small_starburst,
          general_overflow_altar, dk_noncrumbling_4
D:4:      layout_gridville, nicolae_overflow_hidden_temple,
          minmay_temple_entry_mini_moons, serial_shops,
          nicolae_inconvenience_store, minivault_26, nicolae_grassy_gnolls
D:5:      layout_loops_ring, zin_statuary, kennysheep_mini, uniq_blork_the_orc
D:6:      layout_gridville, mainiacjoe_overflow_cross_hatched
D:7:      layout_rooms, nemelex_spade_bored_becter, kennysheep_small_spiral
D:8:      layout_rooms, dpeg_oklobed_lair, uniq_prince_ribbit1, uniq_pikel,
          uniq_erica, uniq_joseph

Skill      XL: |  1  2  3  4  5  6  7  8 |
---------------+-------------------------+-----
Unarmed Combat | 4 5 6 7 9 11 | 11.0
Dodging        | 1 |  1.2
Fighting       | 3 4 |  4.0
Spellcasting   | |  1.0
Fire Magic     | |  2.1

Action                   |  1- 3 |  4- 6 |  7- 9 || total
-------------------------+-------+-------+-------++-------
Melee: Unarmed           |    94 |   140 |   113 ||   347
       Punch             |       |     2 |     7 ||     9
Throw: Boomerang         |       |     6 |       ||     6
Invok: Fiery Armour      |       |     4 |     1 ||     5
  Use: Scroll            |     2 |     7 |     5 ||    14
       Potion            |     1 |     4 |     3 ||     8
Armor: Robe              |    38 |    56 |    20 ||   114
Dodge: Dodged            |    26 |    26 |    38 ||    90

Table legend:
 A = Non-vault XP
 B = Vault XP
 C = Vault XP percentage of total XP
 D = Non-vault monster count
 E = Vault monster count
 F = Vault count percentage of total count
                 A         B        C        D         E       F
            +---------+---------+-------+---------+---------+-------
      Total |    2339 |     235 |   9.1 |     127 |       9 |   6.6
            +---------+---------+-------+---------+---------+-------
        D:1 |      30 |       0 |   0.0 |      17 |       0 |   0.0
        D:2 |      50 |      39 |  43.8 |      21 |       3 |  12.5
        D:3 |      73 |       0 |   0.0 |      17 |       0 |   0.0
        D:4 |     222 |      96 |  30.2 |      21 |       5 |  19.2
        D:5 |     609 |     100 |  14.1 |      13 |       1 |   7.1
        D:6 |     392 |       0 |   0.0 |       9 |       0 |   0.0
        D:7 |     963 |       0 |   0.0 |      29 |       0 |   0.0
            +---------+---------+-------+---------+---------+-------
